 Dungeon Crawl Stone Soup version 0.27-a0-1105-g946c659c87 (webtiles) character file.

Game seed: 12550136426483365354

51 robertstho the Magician (level 3, -2/25 HPs)
             Began as a Djinni Fire Elementalist on Apr 30, 2021.
             Slain by a killer bee zombie (8 damage)
             ... on level 4 of the Dungeon.
             The game lasted 00:03:42 (1858 turns).

robertstho the Magician (Djinni Fire Elementalist)  Turns: 1858, Time: 00:03:42

Health: -2/25      AC:  2    Str:  7    XL:     3   Next: 83%
Gold:   74         EV: 12    Int: 17    God:
                   SH:  0    Dex: 13

rFire    + + .     SeeInvis .   f - +2 dagger (elec)
rCold    x . .     Faith    .   (no shield)
rNeg     . . .     Spirit   .   a - +0 robe
rPois    ∞         Reflect  .   (no helmet)
rElec    .         Harm     .   (no cloak)
rCorr    .         Rampage  .   (no gloves)
Will     .....                  (boots unavailable)
Stlth    ++........             (no amulet)
HPRegen  0.08/turn              (no ring)
MPRegen  0.00/turn              (no ring)

@: flying
A: fire resistance 2, cold vulnerability 1, float, innate caster, hp casting,
extra vitality 1
a: no special abilities


You were on level 4 of the Dungeon.
You visited 1 branch of the dungeon, and saw 3 of its levels.

You collected 74 gold pieces.

Inventory:

Hand Weapons
 b - a +0 short sword
 f - a +2 dagger of electrocution (weapon)
Armour
 a - a +0 robe (worn)
Scrolls
 c - a scroll of teleportation {unknown}
 d - a scroll of enchant armour {unknown}
 e - a scroll of fear
 g - a scroll of amnesia {unknown}
 h - a scroll of identify {unknown}
Potions
 i - a potion of degeneration {unknown}


   Skills:
 + Level 0.2 Fighting
 + Level 0.3 Short Blades
 + Level 2.5 Dodging
 + Level 1.8 Stealth
 + Level 3.6 Spellcasting


You couldn't memorise any spells.
You knew the following spells:

 Your Spells              Type           Power      Damage    Failure   Level
a - Foxfire               Conj/Fire      60%        2x1d7     3%          1
b - Conjure Flame         Conj/Fire      15%        6-21      11%         3
c - Inner Flame           Hex/Fire       15%        N/A       11%         3
d - Sticky Flame          Conj/Fire      15%        2d4       34%         4
e - Fireball              Conj/Fire      7%         3d5       69%         5
f - Apportation           Tloc           30%        N/A       3%          1
Your spell library was empty.

Dungeon Overview and Level Annotations

Branches:
Dungeon (2/15)

Altars:
Elyvilon


Innate Abilities, Weirdness & Mutations

You are immune to poison.
Your flesh is very heat resistant. (rF++)
You are vulnerable to cold. (rC-)
You float through the air rather than walking.
You learn spells naturally, not from books.
Your magical power is your life essence.
You have superior vitality. (+4 HP)


Message History

The foxfire hits the adder.
You kill the adder!
You are sucked into a shaft and drop 2 floors!
The shaft crumbles and collapses.
Found 14 poisoned darts, a leather armour and a scroll labelled IRPHEE LYKHOVI.
Found an escape hatch in the floor.
There is an escape hatch in the floor here.
h - a scroll labelled IRPHEE LYKHOVI
i - a viscous orange potion
Found an escape hatch in the ceiling.
A killer bee zombie comes into view.
A killer bee zombie is nearby!
A killer bee zombie is nearby!
A killer bee zombie is nearby!
Casting: Foxfire (safe; 3% risk of failure)
Press: ? - help, Q - select action, (/) - cycle Dir - look around, f - activate You conjure some foxfire!
Unknown command.
Casting: Foxfire (safe; 3% risk of failure)
Press: ? - help, Q - select action, (/) - cycle Dir - look around, f - activate You conjure some foxfire!
The foxfire hits the killer bee zombie.
The killer bee zombie is lightly damaged.
The foxfire hits the killer bee zombie.
The killer bee zombie is lightly damaged.
The killer bee zombie closely misses you.
The killer bee zombie hits you.
Casting: Foxfire (safe; 3% risk of failure)
Press: ? - help, Q - select action, (/) - cycle Dir - look around, f - activate You conjure some foxfire!
The killer bee zombie hits you! The killer bee zombie hits you.
* * * LOW HITPOINT WARNING * * *
Unknown command.
Casting: Foxfire (safe; 3% risk of failure)
Press: ? - help, Q - select action, (/) - cycle Dir - look around, f - activate You conjure some foxfire!
* * * LOW HITPOINT WARNING * * *
The killer bee zombie closely misses you.
The killer bee zombie hits you!
You die...

#### ################
... ...............# ..#
...###########.##..#
...# #§v#Z.# ...#
#.v@v.#
...############vvv.#
#............##....#
#............###....#
#.....>......(.......#
#......................
#.......................
#............##..<......
...........[.#


You could see a killer bee zombie (ally target).

Vanquished Creatures
  An adder (D:2)
  A worm (D:2)
  A dart slug (D:1)
  5 endoplasms
  3 giant cockroaches
  2 goblins
  7 hobgoblins
  4 jackals (D:1)
  A quokka (D:1)
  A ball python (D:2)
  5 kobolds (D:2)
  A rat (D:1)
32 creatures vanquished.

Vanquished Creatures (others)
  122 foxfires
122 creatures vanquished.

Grand Total: 154 creatures vanquished

Notes
Turn   | Place    | Note
-------+----------+-------------------------------------------
     0 | D:1      | robertstho the Djinni Fire Elementalist began the quest for
                  | the Orb.
     0 | D:1      | Reached XP level 1. HP: 15/15 MP: 0/0
    31 | D:1      | Reached skill level 3 in Spellcasting
    31 | D:1      | Reached XP level 2. HP: 10/21 MP: 0/0
   875 | D:1      | Reached XP level 3. HP: 17/25 MP: 0/0
   875 | D:1      | Learned a level 1 spell: Apportation
  1221 | D:1      | Found a faded altar of an unknown god.
  1474 | D:2      | Found a white marble altar of Elyvilon.
  1824 | D:2      | You are sucked into a shaft and drop 2 floors!
  1858 | D:4      | Slain by a killer bee zombie

Illustrated notes

Levels and vault maps discovered:
D:1:      dpeg_arrival_ternary, layout_rooms, chequers_ecumenical_altar_twisty
D:2:      kb_forest_paths, layout_basic, serial_shops, nicolae_shop_statue_plus,
          basic_altar, minivault_26
D:4:      layout_basic, general_overflow_altar, nzn_wu_jian_council_hall,
          minmay_temple_entry_nine_rooms, gammafunk_ghost_cemetery

Skill      XL: |  1 |
---------------+----+-----
Spellcasting   | 3 |  3.6
Fighting       | |  0.2
Short Blades   | |  0.3
Dodging        | |  2.5
Stealth        | |  1.8

Action                   || total
-------------------------++-------
Melee: Short sword       ||    16
 Cast: Foxfire           ||    74
  Use: Scroll            ||     2
       Potion            ||     2
Armor: Robe              ||    10
Dodge: Dodged            ||    28

Table legend: (Time is in decaauts)
 A = Elapsed time spent in this place.
 B = Non-inter-level travel time spent in this place.
 C = Inter-level travel time spent in this place.
 D = Time resting spent in this place.
 E = Time spent auto-exploring this place.
 F = Levels seen in this place.
 G = Mean time per level.
                   A        B        C        D        E       F      G
               +--------+--------+--------+--------+--------+-----+--------+
         Total |   1860 |   1837 |     23 |    236 |   1380 |   3 |  620.0 |
       Dungeon |   1860 |   1837 |     23 |    236 |   1380 |   3 |  620.0 |
               +--------+--------+--------+--------+--------+-----+--------+

Top non-repeatable levels by time:
     D:1: 1282 daAuts
     D:2: 544 daAuts
     D:4: 33 daAuts
